MWL (24 & UNDER)
PLUMSTEAD EAGLES @ BARRY'S BAY ORIOLES
09/28/2029
 
TOP OF THE 1ST
Plumstead Eagles batting - Pitching for Barry's Bay Orioles : RHP Héctor Cardenas
Pitching: RHP Héctor Cardenas
Batting: LHB Mauro López 0-0: Ground out 6-3 (Groundball, 56)
Batting: LHB Ismael Barajas 0-0: SINGLE (Flyball, 8RS)
Batting: RHB David Rodríguez 0-0: Ball
1-0: Ball
2-0: Foul Ball, location: 2F
2-1: Grounds into double play, 5-4-3 (Groundball, 56)
Top of the 1st over - 0 runs, 1 hit, 0 errors, 0 left on base; Plumstead 0 - Barry's Bay 0
BOTTOM OF THE 1ST
Barry's Bay Orioles batting - Pitching for Plumstead Eagles : RHP Gilberto Ramírez
Pitching: RHP Gilberto Ramírez
Batting: RHB Jason Cook 0-0: Swinging Strike
0-1: Swinging Strike
0-2: Ball
1-2: Foul Ball, location: 2F
1-2: Ball
2-2: Strikes out swinging
Batting: LHB Greg Sharpe 0-0: SINGLE (Line Drive, 34D)
Batting: LHB Lúcio Gómez 0-0: Ball
1-0: Fly out, F8 (Flyball, 89M)
Batting: LHB Joe Vásquez 0-0: Ball
1-0: Ball
2-0: Swinging Strike
2-1: Foul Ball, location: 2F
2-2: Ball
Greg Sharpe steals 2nd base
3-2: Strikes out looking
Bottom of the 1st over - 0 runs, 1 hit, 0 errors, 1 left on base; Plumstead 0 - Barry's Bay 0
TOP OF THE 2ND
Plumstead Eagles batting - Pitching for Barry's Bay Orioles : RHP Héctor Cardenas
Batting: LHB Víctor Peña 0-0: Swinging Strike
0-1: Swinging Strike
0-2: Ball
1-2: Ball
2-2: Strikes out swinging
Batting: LHB Conan Bush 0-0: Called Strike
0-1: Foul Ball, location: 2F
0-2: SINGLE (Flyball, 9LS)
Batting: SHB Joaquín Gilera 0-0: Called Strike
0-1: Swinging Strike
0-2: Strikes out looking
Batting: LHB Russell Ewing 0-0: Ball
Pickoff Throw to First - Out!
Top of the 2nd over - 0 runs, 1 hit, 0 errors, 0 left on base; Plumstead 0 - Barry's Bay 0
BOTTOM OF THE 2ND
Barry's Bay Orioles batting - Pitching for Plumstead Eagles : RHP Gilberto Ramírez
Batting: RHB River Cunningham 0-0: Called Strike
0-1: Foul Ball, location: 2F
0-2: Ball
1-2: Foul Ball, location: 2F
1-2: Ball
2-2: Foul Ball, location: 2F
2-2: Foul Ball, location: 2F
2-2: Fly out, F7 (Flyball, 7S)
Batting: RHB Lynn Johnson 0-0: Ball
1-0: Ball
2-0: Called Strike
2-1: Foul Ball, location: 2F
2-2: Foul Ball, location: 2F
2-2: Foul Ball, location: 2F
2-2: Foul Ball, location: 2F
2-2: Foul Ball, location: 2F
2-2: Ball
3-2: Base on Balls
Batting: RHB Juan Morales 0-0: Ball
1-0: Ball
2-0: Ball
3-0: Foul Ball, location: 2F
3-1: Base on Balls
Lynn Johnson to second
Batting: RHB Sam Lynch 0-0: Ball
1-0: Ball
2-0: Called Strike
2-1: Fly out, F8 (Flyball, 8LD)
Batting: RHB Octávio Aldeguer 0-0: Ball
1-0: Called Strike
1-1: Called Strike
1-2: Foul Ball, location: 2F
1-2: Foul Ball, location: 2F
1-2: Foul Ball, location: 2F
1-2: Fly out, F7 (Line Drive, 78M)
Bottom of the 2nd over - 0 runs, 0 hits, 0 errors, 2 left on base; Plumstead 0 - Barry's Bay 0
TOP OF THE 3RD
Plumstead Eagles batting - Pitching for Barry's Bay Orioles : RHP Héctor Cardenas
Batting: LHB Russell Ewing 0-0: Ball
1-0: Swinging Strike
1-1: Foul Ball, location: 2F
1-2: Ground out U3 (Groundball, 3)
Batting: LHB Joe Rutherford 0-0: Ball
1-0: Foul Ball, location: 2F
1-1: Ground out 4-3 (Groundball, 4S)
Batting: LHB António Álvarez 0-0: Swinging Strike
0-1: Ground out U3 (Groundball, 3)
Top of the 3rd over - 0 runs, 0 hits, 0 errors, 0 left on base; Plumstead 0 - Barry's Bay 0
BOTTOM OF THE 3RD
Barry's Bay Orioles batting - Pitching for Plumstead Eagles : RHP Gilberto Ramírez
Batting: RHB Jason Cook 0-0: Called Strike
0-1: Ball
1-1: SINGLE (Groundball, 5) (infield hit)
Batting: LHB Greg Sharpe 0-0: Ball
1-0: Fly out, F8 (Flyball, 8LM)
Batting: LHB Lúcio Gómez 0-0: Called Strike
0-1: Swinging Strike
Pickoff Throw to First - Error! E1
Jason Cook to second
0-2: Ball
1-2: Ball
2-2: Fly out, F7 (Flyball, 7)
Batting: LHB Joe Vásquez 0-0: SINGLE (Flyball, 9S)
Jason Cook to third
Runner from 3rd tries for Home, SAFE, no throw
Batting: RHB River Cunningham 0-0: Swinging Strike
0-1: Swinging Strike
0-2: Ball
1-2: Strikes out swinging
Bottom of the 3rd over - 1 run, 2 hits, 1 error, 1 left on base; Plumstead 0 - Barry's Bay 1
TOP OF THE 4TH
Plumstead Eagles batting - Pitching for Barry's Bay Orioles : RHP Héctor Cardenas
Batting: LHB Mauro López 0-0: Ball
1-0: Fly out, F8 (Flyball, 8LM)
Batting: LHB Ismael Barajas 0-0: Foul Ball, location: 2F
0-1: Ball
1-1: Ball
2-1: Ball
3-1: Foul Ball, location: 2F
3-2: Foul Ball, location: 2F
3-2: SINGLE (Flyball, 78M)
Batting: RHB David Rodríguez 0-0: Called Strike
0-1: Ball
Ismael Barajas steals 2nd base
1-1: Called Strike
1-2: Ground out 4-3 (Groundball, 34)
Ismael Barajas to third
Batting: LHB Víctor Peña 0-0: SINGLE (Line Drive, 78M)
Ismael Barajas scores
Batting: LHB Conan Bush 0-0: Ball
1-0: SINGLE (Line Drive, 4MD)
Víctor Peña to second
Runner from 2nd tries for 3rd, SAFE, no throw
Batting: SHB Joaquín Gilera 0-0: Ball
1-0: Ball
2-0: Ball
3-0: Base on Balls
Conan Bush to second
Batting: LHB Russell Ewing 0-0: Ball
1-0: Called Strike
1-1: Ball
2-1: Called Strike
2-2: Ball
3-2: Ground out 2-3 (Groundball, 15S)
Top of the 4th over - 1 run, 3 hits, 0 errors, 3 left on base; Plumstead 1 - Barry's Bay 1
BOTTOM OF THE 4TH
Barry's Bay Orioles batting - Pitching for Plumstead Eagles : RHP Gilberto Ramírez
Batting: RHB Lynn Johnson 0-0: Ball
1-0: Called Strike
1-1: Ball
2-1: Called Strike
2-2: Foul Ball, location: 2F
2-2: SINGLE (Groundball, 56D)
Batting: RHB Juan Morales 0-0: Called Strike
0-1: Ball
1-1: Foul Ball, location: 2F
1-2: Ball
2-2: Foul Ball, location: 2F
2-2: Ball
3-2: SINGLE (Flyball, 9LM)
Lynn Johnson to second
Lynn Johnson to third
Batting: RHB Sam Lynch 0-0: Ball
1-0: Called Strike
1-1: Ball
2-1: Ball
3-1: Foul Ball, location: 2F
3-2: Foul Ball, location: 2F
3-2: Foul Ball, location: 2F
3-2: Foul Ball, location: 2F
3-2: Foul Ball, location: 2F
3-2: 3-RUN HOME RUN (Flyball, 7LD), Distance : 316 ft
Batting: RHB Octávio Aldeguer 0-0: Called Strike
0-1: Ball
1-1: Ball
2-1: Fly out, F8 (Line Drive, 8LM)
Batting: RHB Jason Cook 0-0: Called Strike
0-1: Ball
1-1: Ball
2-1: Called Strike
2-2: Fly out, F8 (Flyball, 8RS)
Batting: LHB Greg Sharpe 0-0: Called Strike
0-1: Ball
1-1: Ball
2-1: Ball
3-1: Base on Balls
Batting: LHB Lúcio Gómez Balk!
Greg Sharpe to second
0-0: Called Strike
0-1: Ball
1-1: Ground out U3 (Groundball, 3L)
Bottom of the 4th over - 3 runs, 3 hits, 0 errors, 1 left on base; Plumstead 1 - Barry's Bay 4
TOP OF THE 5TH
Plumstead Eagles batting - Pitching for Barry's Bay Orioles : RHP Héctor Cardenas
Batting: LHB Joe Rutherford 0-0: Ball
1-0: Ball
2-0: Called Strike
2-1: Ball
3-1: Base on Balls
Batting: LHB António Álvarez 0-0: Ball
1-0: Ball
2-0: Called Strike
2-1: Foul Ball, location: 2F
2-2: Strikes out looking
Batting: LHB Mauro López 0-0: Fielders Choice at 2nd, 6-4 (Groundball, 6)
Batting: LHB Ismael Barajas 0-0: Swinging Strike
0-1: Ball
1-1: Ball
2-1: Foul Ball, location: 2F
2-2: Foul Ball, location: 2F
2-2: Foul Ball, location: 2F
2-2: Ground out 3-1 (Groundball, 3L)
Top of the 5th over - 0 runs, 0 hits, 0 errors, 1 left on base; Plumstead 1 - Barry's Bay 4
BOTTOM OF THE 5TH
Barry's Bay Orioles batting - Pitching for Plumstead Eagles : RHP Gilberto Ramírez
Pitching: LHP Luis Hernández
Batting: LHB Joe Vásquez 0-0: Foul Ball, location: 2F
0-1: Hit by Pitch
Batting: RHB River Cunningham 0-0: Called Strike
0-1: Swinging Strike
0-2: Ball
1-2: Strikes out swinging
Batting: RHB Lynn Johnson 0-0: Called Strike
0-1: Foul Ball, location: 2F
0-2: Ball
1-2: Foul Ball, location: 2F
1-2: Strikes out swinging
Batting: RHB Juan Morales 0-0: Foul Ball, location: 2F
0-1: Swinging Strike
0-2: Ball
1-2: Fly out, F7 (Flyball, 7S)
Bottom of the 5th over - 0 runs, 0 hits, 0 errors, 1 left on base; Plumstead 1 - Barry's Bay 4
TOP OF THE 6TH
Plumstead Eagles batting - Pitching for Barry's Bay Orioles : RHP Héctor Cardenas
Batting: RHB David Rodríguez 0-0: Ground out 4-3 (Groundball, 4)
Batting: LHB Víctor Peña 0-0: Ball
1-0: Called Strike
1-1: Swinging Strike
1-2: SINGLE (Groundball, 34S) (infield hit)
Batting: LHB Conan Bush 0-0: Called Strike
0-1: Foul Ball, location: 2F
0-2: Ball
1-2: Grounds into double play, 4-6-3 (Groundball, 4)
Top of the 6th over - 0 runs, 1 hit, 0 errors, 0 left on base; Plumstead 1 - Barry's Bay 4
BOTTOM OF THE 6TH
Barry's Bay Orioles batting - Pitching for Plumstead Eagles : LHP Luis Hernández
Batting: RHB Sam Lynch 0-0: Ball
1-0: Called Strike
1-1: Swinging Strike
1-2: Ground out 5-3 (Groundball, 56)
Batting: RHB Octávio Aldeguer 0-0: Ground out 5-3 (Groundball, 56)
Batting: RHB Jason Cook 0-0: Called Strike
0-1: Ball
1-1: Ball
2-1: Foul Ball, location: 2F
2-2: SINGLE (Flyball, 7S)
Batting: LHB Greg Sharpe 0-0: Called Strike
0-1: Ground out 4-3 (Groundball, 4)
Bottom of the 6th over - 0 runs, 1 hit, 0 errors, 1 left on base; Plumstead 1 - Barry's Bay 4
TOP OF THE 7TH
Plumstead Eagles batting - Pitching for Barry's Bay Orioles : RHP Héctor Cardenas
Batting: SHB Joaquín Gilera 0-0: Ball
1-0: Ball
2-0: Ground out 3-1 (Groundball, 34)
Batting: LHB Russell Ewing 0-0: Ball
1-0: Ground out 4-3 (Groundball, 4)
Batting: LHB Joe Rutherford 0-0: SINGLE (Line Drive, 8LS)
Batting: LHB António Álvarez 0-0: Called Strike
0-1: Called Strike
0-2: Foul Ball, location: 2F
0-2: Strikes out swinging
Top of the 7th over - 0 runs, 1 hit, 0 errors, 1 left on base; Plumstead 1 - Barry's Bay 4
BOTTOM OF THE 7TH
Barry's Bay Orioles batting - Pitching for Plumstead Eagles : LHP Luis Hernández
Batting: LHB Lúcio Gómez 0-0: Foul Ball, location: 2F
0-1: Ground out 4-3 (Groundball, 4)
Batting: LHB Joe Vásquez 0-0: Called Strike
0-1: Ball
1-1: Fly out, F9 (Line Drive, 89D)
Batting: RHB River Cunningham 0-0: Ball
1-0: DOUBLE (Flyball, 78XD)
Batting: RHB Lynn Johnson 0-0: Called Strike
0-1: SINGLE (Groundball, 6MD)
River Cunningham to third
Runner from 3rd tries for Home, SAFE, no throw
Batting: RHB Juan Morales 0-0: Called Strike
0-1: Ball
1-1: Ball
2-1: Foul Ball, location: 2F
2-2: Foul Ball, location: 2F
2-2: Ball
3-2: Base on Balls
Lynn Johnson to second
Batting: RHB Sam Lynch 0-0: SINGLE (Line Drive, 34)
Lynn Johnson to third
Juan Morales to second
Runner from 3rd tries for Home, SAFE, no throw
Pitching: RHP Broderick Miller
Batting: RHB Octávio Aldeguer 0-0: Ball
1-0: Ball
2-0: Called Strike
2-1: Foul Ball, location: 2F
2-2: Strikes out swinging
Bottom of the 7th over - 2 runs, 3 hits, 0 errors, 2 left on base; Plumstead 1 - Barry's Bay 6
TOP OF THE 8TH
Plumstead Eagles batting - Pitching for Barry's Bay Orioles : RHP Héctor Cardenas
Now at C: Barry Pierce
Batting: LHB Mauro López 0-0: Fly out, F9 (Flyball, 9)
Batting: LHB Ismael Barajas 0-0: Swinging Strike
0-1: Foul Ball, location: 2F
0-2: Ball
1-2: Ball
2-2: Ball
3-2: Ground out 1-3 (Groundball, 13)
Batting: RHB David Rodríguez 0-0: Foul Ball, location: 2F
0-1: Ball
1-1: Foul Ball, location: 2F
1-2: Ball
2-2: Fly out, F6 (Popup, 4MD)
Top of the 8th over - 0 runs, 0 hits, 0 errors, 0 left on base; Plumstead 1 - Barry's Bay 6
BOTTOM OF THE 8TH
Barry's Bay Orioles batting - Pitching for Plumstead Eagles : RHP Broderick Miller
Batting: RHB Jason Cook 0-0: Ball
1-0: Ground out 6-3 (Groundball, 6)
Batting: LHB Greg Sharpe 0-0: Called Strike
0-1: Ground out 5-3 (Groundball, 56)
Batting: LHB Lúcio Gómez 0-0: Ball
1-0: Called Strike
1-1: Swinging Strike
1-2: Ball
2-2: Foul Ball, location: 2F
2-2: SINGLE (Groundball, 34) (infield hit)
Batting: LHB Joe Vásquez 0-0: Called Strike
0-1: Ball
1-1: SINGLE (Flyball, 9LM)
Lúcio Gómez to second
Runner from 2nd tries for 3rd, SAFE, no throw
Batting: RHB River Cunningham 0-0: Ball
1-0: Foul Ball, location: 2F
1-1: Ball
2-1: Ball
3-1: Called Strike
3-2: Strikes out looking
Bottom of the 8th over - 0 runs, 2 hits, 0 errors, 2 left on base; Plumstead 1 - Barry's Bay 6
TOP OF THE 9TH
Plumstead Eagles batting - Pitching for Barry's Bay Orioles : RHP Héctor Cardenas
Now in RF: Dwayne Roldán
Batting: LHB Víctor Peña 0-0: Ball
1-0: SOLO HOME RUN (Line Drive, 9D), Distance : 359 ft
Batting: LHB Conan Bush 0-0: Ball
1-0: Ball
2-0: Called Strike
2-1: Fly out, F8 (Flyball, 8RD)
Pitching: RHP A.J. Martin
Batting: SHB Joaquín Gilera 0-0: Foul Ball, location: 2F
0-1: Foul Ball, location: 2F
0-2: Ball
1-2: Foul Ball, location: 2F
1-2: Foul Ball, location: 2F
1-2: Strikes out swinging, 2-3 out at first.
Batting: LHB Russell Ewing 0-0: Ball
1-0: Ball
2-0: Foul Ball, location: 2F
2-1: Ball
3-1: Foul Ball, location: 2F
3-2: Strikes out looking
Top of the 9th over - 1 run, 1 hit, 0 errors, 0 left on base; Plumstead 2 - Barry's Bay 6
Saturday, December 16th, 2017 - OOTP Baseball 18.8 Build 76